 Dungeon Crawl Stone Soup version 0.20.1-1-g8b1a95d (webtiles) character file.

34 SteelSafe the Cudgeler (level 3, -2/28 HPs)
             Began as a Demonspawn Gladiator on Nov 27, 2017.
             Killed from afar by Sigmund (8 damage)
             ... with a magic dart
             ... on level 2 of the Dungeon.
             The game lasted 00:01:29 (1192 turns).

SteelSafe the Cudgeler (Demonspawn Gladiator)       Turns: 1192, Time: 00:01:30

Health: -2/28      AC:  6    Str: 15    XL:     3   Next: 14%
Magic:  3/3        EV: 12    Int:  9    God:
Gold:   34         SH:  0    Dex: 14    Spells: 2/2 levels left

rFire    . . .     SeeInvis .   a - +0 flail
rCold    . . .     Gourm    .   (no shield)
rNeg     . . .     Faith    .   b - +0 leather armour
rPois    .         Spirit   .   c - +0 helmet
rElec    .         Reflect  .   (no cloak)
rCorr    .         Harm     .   (no gloves)
MR       .....                  (no boots)
Stlth    +.........             (no amulet)
Regen    0.1/turn               (no ring)
MPRegen  0.1/turn               (no ring)

@: no status effects
A: rugged brown scales 2
a: no special abilities


You were on level 2 of the Dungeon.
You were not hungry.

You visited 1 branch of the dungeon, and saw 2 of its levels.

You collected 34 gold pieces.

Inventory:

Hand Weapons
 a - a +0 flail (weapon)
Missiles
 d - 3 throwing nets (quivered)
Armour
 b - a +0 leather armour (worn)
 c - a +0 helmet (worn)
Scrolls
 e - a scroll of magic mapping {unknown}
 m - a scroll of teleportation {unknown}
 o - 2 scrolls of identify {unknown}
Potions
 i - 3 potions of heal wounds {unknown}
 k - 3 potions of curing {unknown}
 l - a potion of invisibility {unknown}
 n - a potion of cancellation {unknown}
 p - a potion of mutation {unknown}
Comestibles
 f - 2 bread rations
 g - 2 fruits
 h - a royal jelly
 j - a meat ration


   Skills:
 - Level 2.0 Fighting
 + Level 3.9 Maces & Flails
 - Level 1.7 Throwing
 - Level 2.6 Dodging


You had 2 spell levels left.
You didn't know any spells.

Dungeon Overview and Level Annotations

Branches:
Dungeon (2/15)

Altars:

Annotations:
D:2 Sigmund


Innate Abilities, Weirdness & Mutations

You are mostly covered in rugged brown scales. (AC +2, +5% HP)


Message History

You are too confused!
You are too confused!
You are too confused!
You are too confused!
You are too confused!
Sigmund mumbles some strange words.
Sigmund flickers and vanishes!
Deactivating autopickup; reactivate with Ctrl-A.
Something hits you.
You are more confused.
The frilled lizard bites you but does no damage.
You're too confused to move!
The frilled lizard bites you. Something hits you.
You're too confused to move!
The frilled lizard barely misses you.
You feel less confused. The frilled lizard bites you. Something hits you.
* * * LOW HITPOINT WARNING * * *
x2 You open the door.
The frilled lizard misses you.
A magic dart appears from out of thin air!
The magic dart hits you!
You die...

#.....................#.....
###.... #....................
....... #...........#.....
.......#####.##........#.....
..............#........#...##
......................##.....
......................##.....
........$..l.....#'#####.....
............@....#...........
...........##'##.#...........
............ .##.#...........
...............#.#...........
.#####........#.#...........
#........#.#........... #..
###.............
##.........#+# #.....###.#


You could see a frilled lizard.

Vanquished Creatures
  A leopard gecko (D:1)
  A ball python (D:1)
  A giant cockroach (D:1)
  2 goblins (D:1)
  5 hobgoblins (D:1)
  6 jackals (D:1)
  A kobold (D:1)
  4 bats (D:1)
  5 frilled lizards (D:1)
  3 rats (D:1)
29 creatures vanquished.

Notes
Turn   | Place    | Note
-------+----------+-------------------------------------------
     0 | D:1      | SteelSafe the Demonspawn Gladiator began the quest for the Orb.
     0 | D:1      | Reached XP level 1. HP: 16/16 MP: 1/1
    89 | D:1      | Reached skill level 3 in Maces & Flails
   102 | D:1      | Gained mutation: You are partially covered in rugged brown scales. (AC +1, +3% HP) [demonic ancestry]
   102 | D:1      | Reached XP level 2. HP: 3/22 MP: 2/2
   896 | D:1      | Gained mutation: You are mostly covered in rugged brown scales. (AC +2, +5% HP) [demonic ancestry]
   896 | D:1      | Reached XP level 3. HP: 17/28 MP: 3/3
  1177 | D:2      | Noticed Sigmund
  1192 | D:2      | Killed from afar by Sigmund

Skill      XL: |  1 |
---------------+----+-----
Maces & Flails | 3 |  3.9
Fighting       | |  2.0
Throwing       | |  1.7
Dodging        | |  2.6

Action                   || total
-------------------------++-------
Melee: Flail             ||   107
  Eat: Chunk             ||     1
Armor: Leather armour    ||    64
Dodge: Dodged            ||   103
